 Dungeon Crawl Stone Soup version 0.19.0-24-gb05acd6 (console) character file.

102 Jesseh the Conjurer (level 4, 0/24 HPs)
             Began as a Deep Elf Conjurer on Nov 21, 2016.
             Slain by a gnoll
             ... wielding a cursed +0 spear
              (5 damage)
             ... on level 3 of the Dungeon.
             The game lasted 00:14:07 (2019 turns).

Jesseh the Conjurer (Deep Elf Conjurer)             Turns: 2019, Time: 00:14:08

Health: 0/24       AC:  2    Str:  6    XL:     4   Next: 49%
Magic:  9/19       EV:  7    Int: 20    God:
Gold:   142        SH:  0    Dex: 15    Spells: 1 memorised, 8 levels left

rFire  . . .     SeeInvis .     D - +0 dagger
rCold  . . .     Gourm    .     a - +0 robe
rNeg   . . .     Faith    .     (no shield)
rPois  .         Spirit   .     (no helmet)
rElec  .         Reflect  .     (no cloak)
rCorr  .         Harm     .     (no gloves)
MR     +....                    (no boots)
Stlth  ++........               (no amulet)
                                l - ring of magical power
                                f - ring of protection from magic

@: held
A: no striking features
a: no special abilities


You were on level 3 of the Dungeon.
You were not hungry.

You visited 1 branch of the dungeon, and saw 3 of its levels.

You collected 142 gold pieces.

Inventory:

Hand Weapons
 D - a +0 dagger (weapon)
   (You took it off a goblin on level 2 of the Dungeon)
Armour
 a - a +0 robe (worn)
Jewellery
 f - a ring of protection from magic (left hand)
   (You found it on level 1 of the Dungeon)
 l - a ring of magical power (right hand)
   (You found it on level 1 of the Dungeon)
 m - an uncursed ring of positive energy
   (You found it on level 1 of the Dungeon)
Scrolls
 d - 2 scrolls of fear {unknown}
 g - a scroll of random uselessness {unknown}
 i - a scroll of amnesia {unknown}
 k - a scroll of magic mapping {unknown}
 o - 2 scrolls of enchant weapon {unknown}
 p - 2 scrolls of identify {unknown}
 x - 2 scrolls of teleportation {unknown}
 y - 2 scrolls of remove curse {unknown}
Potions
 e - a potion of cure mutation {unknown}
 h - a potion of magic {unknown}
 n - a potion of might {unknown}
 q - a potion of berserk rage {unknown}
 s - a potion of lignification {unknown}
 t - a potion of curing {unknown}
 A - a potion of haste {unknown}
 B - a potion of brilliance {unknown}
 C - a potion of resistance {unknown}
Books
 b - a book of Conjurations
 j - a book of the Dragon
   (You found it on level 2 of the Dungeon)
Comestibles
 c - 2 bread rations
 r - a beef jerky
 w - a meat ration
 z - a chunk of flesh


   Skills:
 - Level 0.2 Fighting
 - Level 2.8 Dodging
 - Level 2.4 Stealth
 - Level 3.0 Spellcasting
 * Level 6.3 Conjurations


You had 8 spell levels left.
You knew the following spells:

 Your Spells              Type           Power        Failure   Level  Hunger
a - Magic Dart            Conj           ####         1%          1    None


Dungeon Overview and Level Annotations

Branches:
Dungeon (3/15)

Altars:


Message History

Aim: a rat The magic dart hits the rat.
You kill the rat!
You see here a frilled lizard corpse.
You butcher the frilled lizard corpse.
z - 6 chunks of flesh (gained 1) Eating one of 6 chunks of flesh.
You start eating one of the 6 chunks of flesh.
You are feeling hungry.
You now have 92 gold pieces (gained 10).
A dart slug comes into view.
Aim: a dart slug (clinging, resting)
The magic dart hits the dart slug.
The dart slug launches a dart at you. The slug dart misses you.
Aim: a dart slug (lightly wounded, clinging)
The magic dart hits the dart slug.
Aim: a dart slug (almost dead, clinging)
The magic dart hits the dart slug.
You kill the dart slug!
You now have 93 gold pieces (gained 1).
You now have 99 gold pieces (gained 6).
Done exploring.
There is a stone staircase leading down here.
You climb downwards.
There is a stone staircase leading up here.
Found an escape hatch in the ceiling.
Found a stone staircase leading down.
Found a stone staircase leading up.
x - 2 scrolls labeled ZENGYMUDUR (gained 1)
Okay, then.
Some of the chunks of flesh in your inventory have rotted away.
Found a stone staircase leading up.
You now have 110 gold pieces (gained 11).
There is a stone staircase leading up here.
Some of the chunks of flesh in your inventory have rotted away.
You now have 123 gold pieces (gained 13).
A bat comes into view.
Aim: a bat The magic dart hits the bat.
You kill the bat!
You can't see that place. [Stash: 21 sling bullets] [the floor.]
You see here a bat corpse.
You butcher the bat corpse.
z - 2 chunks of flesh (gained 1)
A kobold comes into view.
Aim: a kobold (resting)
The magic dart hits the kobold.
You kill the kobold!
You now have 142 gold pieces (gained 19).
d - 2 scrolls labeled TEAROEKKAMP (gained 1) Some of the chunks of flesh in your inventory have rotted away.
A rat, a worm, a giant cockroach and 2 gnolls come into view.
Aim: a rat (resting)
The magic dart hits the rat.
You kill the rat!
Aim: a giant cockroach The magic dart hits the giant cockroach.
You kill the giant cockroach!
The gnoll shouts!
The gnoll throws a throwing net.
The throwing net hits you.
You become entangled in the net!
Aim: a worm The magic dart hits the worm.
The gnoll shouts!
Aim: a worm (moderately wounded)
The magic dart hits the worm.
A gnoll comes into view.
Aim: a worm (heavily wounded)
The magic dart hits the worm.
A bat comes into view.
Aim: a worm (severely wounded)
The magic dart hits the worm.
You kill the worm!
A hobgoblin comes into view. It is wielding a club.
Aim: a bat The magic dart hits the bat.
The hobgoblin shouts!
The bat hits you.
Aim: a bat (heavily wounded)
The magic dart hits the bat.
You kill the bat!
The gnoll hits you from afar with a spear.
Aim: a gnoll, wielding a spear The magic dart hits the gnoll.
The gnoll barely misses you.
Aim: a gnoll, wielding a spear (heavily wounded)
The magic dart hits the gnoll.
The gnoll barely misses you.
Aim: a gnoll, wielding a spear (heavily wounded)
The magic dart hits the gnoll.
The gnoll hits you from afar with a spear.
Aim: a gnoll, wielding a spear (severely wounded)
The magic dart hits the gnoll.
The gnoll hits you from afar with a spear.
* * * LOW HITPOINT WARNING * * *
The gnoll hits you with a whip.
* * * LOW HITPOINT WARNING * * *
You tear a large gash into the net.
The gnoll hits you from afar with a spear.
You die...

..≈≈....▒.
......≈≈⌠.........
.......⌠≈ ........
▒...≈≈....≈.......
▒..≈..≈≈€.≈.......
▒..≈†...≈≈........
▒.gg≈≈... ........
▒?gg.†≈.. ........
▒▒▒▒e▒▒ ▒▒....
▒.....▒▒▒ ▒▒▒.....
▒.▒▒.▒..▒▒▒▒▒▒.......
▒. ▒.▒...............
▒. ▒...▒▒▒.▒▒▒▒▒...▒.
▒.▒▒▒..▒▒ ▒ ▒▒....
▒.▒.....▒▒. ▒.▒▒.
▒▒........... ▒[▒▒.
▒.▒....▒...... ▒.▒▒.


You could see 3 gnolls and a hobgoblin.

Vanquished Creatures
  2 adders (D:2)
  An ooze (D:2)
  2 worms
  4 dart slugs
  3 leopard geckos
  5 giant cockroaches
  11 goblins
  3 hobgoblins (D:1)
  8 kobolds
  7 bats
  5 frilled lizards
  13 rats
64 creatures vanquished.

Notes
Turn   | Place    | Note
-------+----------+-------------------------------------------
     0 | D:1      | Jesseh the Deep Elf Conjurer began the quest for the Orb.
     0 | D:1      | Reached XP level 1. HP: 10/10 MP: 6/6
   211 | D:1      | Reached XP level 2. HP: 15/15 MP: 4/8
   266 | D:1      | Reached skill level 5 in Conjurations
   734 | D:1      | Reached XP level 3. HP: 19/19 MP: 7/9
  1394 | D:2      | Found a faded altar of an unknown god.
  1398 | D:2      | Reached XP level 4. HP: 24/24 MP: 10/10
  1402 | D:2      | Reached skill level 6 in Conjurations
  2018 | D:3      | HP: 5/24 [gnoll/whip (4)]
  2019 | D:3      | Slain by a gnoll

Skill      XL: |  1  2  3  4 |
---------------+-------------+-----
Conjurations   | 5 6 |  6.3
Fighting       | |  0.2
Dodging        | |  2.8
Stealth        | |  2.4
Spellcasting   | |  3.0

Action                   |  1- 3 |  4- 6 || total
-------------------------+-------+-------++-------
Melee: Dagger            |    14 |       ||    14
 Cast: Magic Dart        |    75 |    36 ||   111
  Eat: Chunk             |     1 |     2 ||     3
Armor: Robe              |     6 |       ||     6
Dodge: Dodged            |    17 |     3 ||    20

Vault maps used:
D:1:      onia_arrival_larder, minmay_small_reverse_x
D:2:      ecumenical_altar_2, minmay_tromino_v4_b
D:3:      cheibrodos_helix_gallery, uniq_terence

Table legend:
 A = Turns spent in this place as a percentage of turns spent in the entire game.
 B = Non-inter-level travel turns spent in this place as a percentage of non-inter-level travel turns spent in the entire game.
 C = Inter-level travel turns spent in this place as a percentage of turns spent in this place.
 D = Turns resting spent in this place as a percentage of non-inter-level travel turns spent in this place.
 E = Turns spent auto-exploring this place as a percentage of non-inter-level travel turns spent in this place.
 F = Non-inter-level travel turns spent in this place divided by the number of levels of this place that you've seen.
                   A       B       C       D       E      F
               +-------+-------+-------+-------+-------+----------------------
         Total | 100.0 | 100.0 |   0.4 |   0.8 |   5.7 | 252.0
       Dungeon | 100.0 | 100.0 |   0.4 |   0.8 |   5.7 | 252.0
               +-------+-------+-------+-------+-------+----------------------

Table legend:
 A = Kills in this place as a percentage of kills in entire the game.
 B = Kills by you in this place as a percentage of kills by you in the entire game.
 C = Kills by friends in this place as a percentage of kills by friends in the entire game.
 D = Other kills in this place as a percentage of other kills in the entire game.
 E = Experience gained in this place as a percentage of experience gained in the entire game.
 F = Experience gained in this place divided by the number of levels of this place that you have seen.
                   A       B       C       D       E      F
               +-------+-------+-------+-------+-------+----------------------
         Total | 100.0 | 100.0 |  -nan |  -nan | 100.0 |  48.7
       Dungeon | 100.0 | 100.0 |  -nan |  -nan | 100.0 |  48.7
               +-------+-------+-------+-------+-------+----------------------
